 Dungeon Crawl Stone Soup version 0.29.1-15-g9cfb28693d (webtiles) character file.

Game seed: 5748911485879702526

101436 nonceun the Severer (level 15, 0/158 HPs)
             Began as a Minotaur Berserker on Mar 4, 2023.
             Was a High Priest of Trog.
             Slain by a spark wasp (12 damage)
             ... on level 1 of the Spider Nest.
             The game lasted 01:52:20 (26222 turns).

nonceun the Severer (Minotaur Berserker)           Turns: 26222, Time: 01:52:21

Health: 0/158      AC: 23    Str: 27    XL:     15   Next: 83%
Magic:  14/14      EV: 10    Int:  6    God:    Trog [*****.]
Gold:   1486       SH: 26    Dex: 16    Spells: 14/14 levels left

rFire   . . .      SeeInvis .   a - +3 broad axe (elec)
rCold   + + .      Faith    .   O - +2 tower shield
rNeg    + . .      Spirit   .   m - +1 plate armour {rC+}
rPois   +          Reflect  +   (helmet restricted)
rElec   .          Harm     .   B - +0 cloak
rCorr   .          Rampage  +   S - +1 pair of gloves "Soqakiopt" {-Cast Rampage rPois rC+}
Will    +++++      NoCast   +   t - +0 pair of boots
Stlth   ..........              D - amulet of reflection
HPRegen 1.36/turn               u - +6 ring of dexterity
MPRegen 0.14/turn               p - ring of Ephemeral Luck {rN+ Will++ Stlth+}

@: strong-willed (expiring), regenerating (expiring)
A: horns 2, retaliatory headbutt, robust 1
a: Renounce Religion, Berserk, Trog's Hand, Brothers in Arms


You were on level 1 of the Spider Nest.
You worshipped Trog.
Trog was extremely pleased with you.
You visited 4 branches of the dungeon, and saw 23 of its levels.
You also visited: Ice Cave.

You collected 2509 gold pieces.
You spent 1023 gold pieces at shops.

Inventory:

Hand Weapons
 a - a +3 broad axe of electrocution (weapon)
 b - a +4 demon whip of flaming
 f - a +1 war axe of flaming
Missiles
 c - 191 stones (quivered)
Armour
 m - a +1 plate armour of cold resistance (worn)
 t - a +0 pair of boots (worn)
 B - a +0 cloak (worn)
 O - a +2 tower shield (worn)
 S - the +1 pair of gloves "Soqakiopt" (worn) {-Cast Rampage rPois rC+}
   (You found it on level 13 of the Dungeon)

   rC:        It protects you from cold.
   rPois:     It protects you from poison.
   -Cast:     It prevents spellcasting.
   Rampage:   It bestows one free step when moving towards enemies.
Jewellery
 p - the ring of Ephemeral Luck (right hand) {rN+ Will++ Stlth+}
   (You found it on level 11 of the Dungeon)

   [ring of positive energy]

   rN:        It protects you from negative energy.
   Will:      It greatly increases your willpower.
   Stlth:     It makes you more stealthy.
 u - a +6 ring of dexterity (left hand)
 x - a ring of ice
 D - an amulet of reflection (around neck)
 L - a ring of positive energy
 N - a ring of see invisible
Wands
 j - a wand of flame (21)
 G - a wand of polymorph (17)
 H - a wand of acid (9)
 U - a wand of paralysis (11)
 V - a wand of iceblast (38)
Scrolls
 g - 7 scrolls of poison
 i - 2 scrolls of magic mapping
 n - 4 scrolls of fear
 o - 2 scrolls of fog
 q - 3 scrolls of identify
 y - 6 scrolls of blinking
 A - 13 scrolls of teleportation
 M - a scroll of summoning
Potions
 d - 21 potions of curing
 e - a potion of might
 h - a potion of ambrosia
 k - 5 potions of heal wounds
 l - 2 potions of cancellation
 v - 5 potions of flight
 z - 6 potions of haste
 F - 2 potions of invisibility
 I - 2 potions of resistance
 J - 7 potions of attraction
 P - 10 potions of lignification
Miscellaneous
 Q - a piece from Xom's chessboard (15/15)
 R - a condenser vane


   Skills:
 + Level 16.1 Fighting
 - Level 18.0 Axes
 + Level 15.1 Armour
 - Level 9.0 Dodging
 + Level 15.3 Shields
 * Level 7.2 Evocations


You had 14 spell levels left.
You didn't know any spells.
Your spell library contained the following spells:

 Spells                   Type           Power      Damage    Failure   Level
 Magic Dart               Conj           0%         1d3       100%        1
 Call Imp                 Summ           0%         N/A       100%        2
 Call Canine Familiar     Summ           0%         N/A       100%        3
 Frozen Ramparts          Ice            0%         1d1       100%        3
 Mephitic Cloud           Conj/Pois/Air  0%         N/A       100%        3
 Portal Projectile        Hex/Tloc       0%         N/A       100%        3
 Corpse Rot               Necr/Pois/Air  0%         N/A       100%        4
 Dispel Undead            Necr           0%         3d6       100%        4
 Ice Form                 Ice/Tmut       0%         N/A       100%        4
 Leda's Liquefaction      Hex/Erth       0%         N/A       100%        4
 Passage of Golubria      Tloc           0%         N/A       100%        4
 Petrify                  Tmut/Erth      0%         N/A       100%        4
 Summon Ice Beast         Ice/Summ       0%         N/A       100%        4
 Freezing Cloud           Conj/Ice/Air   0%         6-21      100%        5
 Lee's Rapid Deconstruct  Erth           0%         3d5*      100%        5
 Metabolic Englaciation   Hex/Ice        0%         N/A       100%        5
 Silence                  Hex/Air        0%         N/A       100%        5
 Death Channel            Necr           0%         N/A       100%        6
 Simulacrum               Ice/Necr       0%         N/A       100%        6
 Statue Form              Tmut/Erth      0%         N/A       100%        6
 Lehudib's Crystal Spear  Conj/Erth      0%         10d2      100%        8
 Polar Vortex             Ice            0%         N/A       100%        9


Dungeon Overview and Level Annotations

Branches:
Dungeon (15/15)            Temple (0/1) D:5            Lair (5/5) D:8
 Shoals (0/4) Lair:2       Spider (1/4) Lair:2        Slime (0/5) Lair:5
    Orc (2/2) D:11            Elf (0/3) Orc:2        Vaults (0/5) D:14
  IceCv (visited)
 Depths: D:15

Altars:
Gozag
Hepliaklqana
Kikubaaqudgha
Makhleb
Qazlal
Vehumet
Xom
Yredelemnul
Jiyva

Shops:
D:1 =[**   D:2 !(:[   D:9 :   Orc:1 (!=(   Orc:2 ?*:[

Portals:
Pandemonium: Orc:2
Trove: D:13 (give +2 gold dragon scales)

Annotations:
D:13 3 runed translucent doors, Lysca's ghost, journeyman MfTm


Innate Abilities, Weirdness & Mutations

You have a pair of horns on your head.
You reflexively headbutt those who attack you in melee.
You are robust. (+10% HP)


Message History

You headbutt the boulder beetle, but do no damage.
The boulder beetle is severely wounded.
You hit the spark wasp. You block the spark wasp's attack.
You hit the boulder beetle but do no damage.
You headbutt the boulder beetle.
The boulder beetle is almost dead.
You slash the spark wasp! You block the spark wasp's attack.
You block the boulder beetle's attack.
You slice the boulder beetle!!
You kill the boulder beetle!
Trog accepts your kill.
You closely miss the spark wasp. You block the spark wasp's attack.
The spark wasp stings you but does no damage.
You slash the spark wasp! You headbutt the spark wasp.
The spark wasp is heavily wounded.
You block the spark wasp's attack.
You slash the spark wasp! Your headbutt misses the spark wasp.
The spark wasp is severely wounded.
The spark wasp stings you! The spark wasp shocks you!
* * * LOW HITPOINT WARNING * * *
You closely miss the spark wasp.
The spark wasp is severely wounded.
You block the spark wasp's attack. x2
You miss the spark wasp.
The spark wasp is severely wounded.
The spark wasp stings you!
* * * LOW HITPOINT WARNING * * *
The spark wasp shocks you!
* * * LOW HITPOINT WARNING * * *
Okay, then.
You feel much better.
You feel the effects of Trog's Hand fading.
The spark wasp barely misses you. The spark wasp stings you!
* * * LOW HITPOINT WARNING * * *
The spark wasp shocks you!
* * * LOW HITPOINT WARNING * * *
You closely miss the spark wasp.
The spark wasp is severely wounded.
The spark wasp stings you!
You die...

#...#..##.#†#
#......^#..##
#.#...####..# .
####....<..###
######.. ###.....#.###
#..#^...
##.#......###.B.....
###.#...#.sw....#
#####..†##..#).#
#.......@#..###
#.....#.#.y..#.## ##
###.#.###..##†..#|.##.
#### #....##........
#...#.##....#....
##..###?..### ### #..
#..#.. ..# #..#.## ...
?..s..#


You could see a spark wasp.

Vanquished Creatures
  Rupert (D:14)
  Nessos (Lair:3)
  A dire elephant (Lair:5)
  5 boulder beetles
  Erolcha (D:9)
  3 demonspawn (Orc:2)
  4 hydras
  A vault guard (D:13)
  A catoblepas (D:14)
  2 ogre magi (Orc:1)
  3 centaur warriors
  5 two-headed ogres
  A merfolk avatar (Lair:5)
  A tengu warrior (D:14)
  8 death yaks
  The ghost of mkat the Slicer, a novice PaBe of Trog (D:10)
  4 orc high priests (Orc:2)
  Urug (D:14)
  A soul eater (Orc:2)
  A sixfirhy (Orc:2)
  3 skeletal warriors (D:11)
  A pharaoh ant (Spider:1)
  2 steelbarb worms (Spider:1)
  A sun moth (Spider:1)
  2 orb spiders (Spider:1)
  Pikel (D:8)
  7 orc knights
  A necromancer (Lair:3)
  7 orc sorcerers (Orc:2)
  A harpy (Lair:5)
  14 ugly things
  2 manticores
  2 wolf spiders (Spider:1)
  2 cyclopes
  13 elephants
  A spectral centaur (D:10)
  A centaur zombie (D:10)
  A manticore (shapeshifter) (D:13)
  3 torpor snails
  8 black mambas
  11 cane toads
  3 gargoyles
  Maggie (D:8)
  2 ice statues (IceCv)
  5 rime drakes
  6 kobold demonologists
  A demonic crawler (Lair:2)
  Psyche (D:8)
  An unseen horror (D:11)
  A tengu conjurer (D:14)
  A freezing wraith (D:14)
  8 komodo dragons
  2 hellwings (Orc:2)
  2 wind drakes (Lair:5)
  A red devil (Orc:2)
  9 polar bears
  7 trolls
  8 hornets
  5 blink frogs (Lair:3)
  3 tarantellas (Spider:1)
  Grinder (D:3)
  5 slime creatures
  2 snapping turtles (Lair:5)
  3 centaur simulacra (D:10)
  2 shadows
  48 yaks
  A culicivora (Lair:2)
  2 water elementals (D:14)
  A wraith (D:10)
  2 wyverns
  16 humans (D:14)
  3 redbacks (Spider:1)
  2 basilisks
  9 vampire mosquitoes
  A death yak simulacrum (IceCv)
  2 steam dragons
  7 wargs
  A harpy simulacrum (IceCv)
  2 acid dragons
  12 water moccasins
  2 floating eyes (Orc:1)
  A sky beast (D:5)
  17 orc warriors
  5 ice beasts
  8 ogres
  5 centaurs
  3 wolves (Lair:2)
  2 phantoms
  2 kobold brigands
  10 bullfrogs
  4 scorpions
  2 cane toad simulacra (IceCv)
  2 gnoll sergeants
  A necrophage (D:4)
  12 wights
  11 killer bees
  An elephant simulacrum (IceCv)
  A howler monkey (D:5)
  3 electric eels
  25 orc priests
  5 hounds
  20 jellies
  Ijyb (D:3)
  2 gnoll boudas
  5 iguanas
  14 orc wizards
  4 yak simulacra (Lair:3)
  3 polar bear simulacra (Lair:3)
  A wolf simulacrum (Lair:3)
  Robin (D:3)
  9 adders
  18 gnolls
  2 shadow imps (D:7)
  3 white imps
  2 ufetubi (D:5)
  4 worms
  2 dart slugs
  62 orcs
  10 endoplasms
  5 giant cockroaches
  23 goblins
  13 hobgoblins
  4 quokkas
  11 ball pythons
  2 bats
  4 frilled lizards
  17 kobolds
  13 rats
  3 river rat simulacra (Lair:3)
699 creatures vanquished.

Vanquished Creatures (collateral kills)
  An obsidian statue (D:11)
1 creature vanquished.

Vanquished Creatures (others)
  A wolf spider (Spider:1)
  27 fungi
  46 plants
  14 withered plants (D:1)
88 creatures vanquished.

Grand Total: 788 creatures vanquished

Notes
Turn   | Place    | Note
-------+----------+-------------------------------------------
     0 | D:1      | nonceun the Minotaur Berserker began the quest for the Orb.
     0 | D:1      | Reached XP level 1. HP: 19/19 MP: 0/0
    37 | D:1      | Reached skill level 4 in Axes
    55 | D:1      | Found Abaggexi's Jewellery Shop.
   175 | D:1      | Reached XP level 2. HP: 26/26 MP: 1/1
   183 | D:1      | Found a faded altar of an unknown god.
   282 | D:1      | Found Oshat's General Store.
   313 | D:1      | Found Kohuwoi's Antique Armour Emporium.
   567 | D:1      | Found Ona Loh's Assorted Antiques.
   674 | D:1      | Reached skill level 5 in Axes
   991 | D:2      | Reached XP level 3. HP: 31/31 MP: 2/2
  1021 | D:2      | Reached ** piety under Trog
  1408 | D:2      | Reached skill level 6 in Axes
  1408 | D:2      | Reached XP level 4. HP: 34/39 MP: 3/3
  1465 | D:2      | Found Konoj's Distillery.
  1472 | D:2      | Bought a potion of degeneration for 11 gold pieces
  1472 | D:2      | Bought a potion of curing for 33 gold pieces
  1537 | D:2      | Found Hiukein's Antique Weapon Shop.
  1556 | D:2      | Found Wolov's Book Emporium.
  1682 | D:2      | Found Ymnoutoz's Armour Boutique.
  2250 | D:3      | You fall into a shaft and drop 2 floors!
  2250 | D:5      | Entered Level 5 of the Dungeon
  2251 | D:5      | Noticed a scorpion
  2252 | D:5      | Found a hazy altar of Hepliaklqana.
  2257 | D:5      | Killed a scorpion
  2258 | D:5      | Reached skill level 7 in Axes
  2258 | D:5      | Reached XP level 5. HP: 45/45 MP: 4/4
  2361 | D:5      | Reached skill level 8 in Axes
  2369 | D:5      | Reached XP level 6. HP: 15/51 MP: 5/5
  2577 | D:5      | Reached skill level 9 in Axes
  2618 | D:5      | Found a staircase to the Ecumenical Temple.
  2750 | D:3      | Noticed Ijyb
  2750 | D:3      | Noticed Robin
  2779 | D:3      | Killed Ijyb
  2780 | D:3      | Reached XP level 7. HP: 25/57 MP: 6/6
  2792 | D:3      | Killed Robin
  2818 | D:3      | Reached *** piety under Trog
  2935 | D:3      | Found a radiant altar of Vehumet.
  2944 | D:3      | Reached skill level 10 in Axes
  3318 | D:3      | Noticed Grinder
  3955 | D:4      | Reached **** piety under Trog
  4472 | D:5      | Reached XP level 8. HP: 61/67 MP: 7/7
  4599 | D:5      | Found a basalt altar of Yredelemnul.
  4607 | D:5      | Found an opulent altar of Gozag.
  4611 | D:5      | Found an ancient bone altar of Kikubaaqudgha.
  5139 | D:6      | Noticed a troll
  5151 | D:5      | Reached skill level 5 in Fighting
  5151 | D:5      | Reached skill level 5 in Armour
  5321 | D:6      | Reached skill level 11 in Axes
  5326 | D:6      | Killed a troll
  5417 | D:6      | Found a stormy altar of Qazlal.
  5928 | D:6      | Reached XP level 9. HP: 78/78 MP: 8/8
  6168 | D:7      | Found a shimmering altar of Xom.
  6189 | D:7      | Reached skill level 12 in Axes
  6235 | D:7      | Reached skill level 5 in Dodging
  6853 | D:7      | Found a shimmering altar of Xom.
  7058 | D:7      | Found a shimmering altar of Xom.
  7066 | D:7      | Found a shimmering altar of Xom.
  7511 | D:8      | Noticed Maggie
  7580 | D:8      | Reached skill level 1 in Shields
  7629 | D:8      | Noticed Psyche
  7639 | D:8      | Killed Psyche
  7774 | D:8      | Killed Maggie
  7775 | D:8      | Reached XP level 10. HP: 88/88 MP: 9/9
  7860 | D:8      | Identified the +11 scimitar "Melo" {vorpal, Int+2}
  7902 | D:8      | Found a staircase to the Lair.
  7922 | D:8      | Reached skill level 13 in Axes
  8004 | D:8      | Noticed Pikel
  8033 | D:8      | Killed Pikel
  8236 | Lair:1   | Entered Level 1 of the Lair of Beasts
  8240 | Lair:1   | Reached skill level 5 in Shields
  8395 | Lair:1   | Noticed a cane toad
  8424 | Lair:1   | Killed a cane toad
  8428 | Lair:1   | Reached skill level 14 in Axes
  8480 | Lair:1   | Noticed a cane toad
  8491 | Lair:1   | Killed a cane toad
  8661 | Lair:1   | Noticed a cane toad
  8670 | Lair:1   | Killed a cane toad
  8671 | Lair:1   | Reached skill level 10 in Fighting
  8790 | Lair:1   | Reached XP level 11. HP: 89/99 MP: 10/10
  9407 | Lair:2   | Found a hole to the Spider Nest.
  9615 | Lair:2   | Noticed a seven-headed hydra
  9624 | Lair:2   | Killed a three-headed hydra
  9779 | Lair:2   | You fall into a shaft and drop 2 floors!
  9796 | Lair:4   | Noticed a boulder beetle
  9820 | Lair:4   | Killed a boulder beetle
  9821 | Lair:4   | Reached skill level 15 in Axes
 10072 | Lair:4   | Reached ***** piety under Trog
 10689 | Lair:3   | Noticed Nessos
 10699 | Lair:3   | Killed Nessos
 10700 | Lair:3   | Reached XP level 12. HP: 93/110 MP: 11/11
 10900 | Lair:2   | Noticed a five-headed hydra
 10914 | Lair:2   | Killed a two-headed hydra
 11092 | Lair:2   | Reached skill level 16 in Axes
 11200 | Lair:2   | Found a staircase to the Shoals.
 11475 | Lair:3   | Noticed a death yak
 11838 | D:3      | Killed Grinder
 12104 | D:1      | Bought a scroll of identify for 26 gold pieces
 12150 | D:1      | Bought a scroll of identify for 60 gold pieces
 12150 | D:1      | Bought a glowing broad axe for 210 gold pieces
 12150 | D:1      | Bought a scroll of identify for 60 gold pieces
 12150 | D:1      | Bought a ruby potion for 27 gold pieces
 12275 | D:1      | Bought a potion of curing for 39 gold pieces
 12275 | D:1      | Bought a potion of lignification for 39 gold pieces
 12306 | D:2      | Bought a potion of curing for 33 gold pieces
 12306 | D:2      | Bought a potion of heal wounds for 55 gold pieces
 12306 | D:2      | Bought a potion of haste for 110 gold pieces
 12455 | D:9      | Noticed Erolcha
 12468 | D:9      | Killed Erolcha
 12560 | D:9      | Noticed a two-headed ogre
 12571 | D:9      | Killed a two-headed ogre
 12788 | D:9      | Found Elecoo's Book Shoppe.
 13156 | D:10     | Entered Level 10 of the Dungeon
 13256 | D:10     | Found a runed translucent gate.
 13256 | D:10     | Found a runed translucent gate.
 13256 | D:10     | Found a runed translucent gate.
 13261 | D:10     | Noticed mkat's ghost (novice PaBe)
 13301 | D:10     | Killed mkat's ghost
 13302 | D:10     | Reached skill level 10 in Armour
 13454 | D:10     | Found a burning altar of Makhleb.
 14132 | D:11     | Reached skill level 1 in Evocations
 14188 | D:11     | Identified the ring of Ephemeral Luck {rN+ Will++ Stlth+}
 14210 | D:11     | Noticed a five-headed hydra
 14217 | D:11     | Killed a six-headed hydra
 14368 | D:11     | Reached XP level 13. HP: 119/119 MP: 12/12
 14373 | D:11     | Reached skill level 17 in Axes
 14503 | D:11     | Found a staircase to the Orcish Mines.
 14713 | D:11     | Identified the +1 scale mail of Kaczauce {rC+ Will+}
 15371 | D:12     | Identified the +10 hand axe of the Vine {vorpal, rPois}
 15584 | D:12     | Gained mutation: You are robust. (+10% HP) [potion of
                  | mutation]
 16109 | D:13     | Identified the +1 pair of gloves "Soqakiopt" {-Cast Rampage
                  | rPois rC+}
 16120 | D:13     | Found a frozen archway.
 16130 | D:13     | Reached skill level 10 in Shields
 16157 | IceCv    | Entered an ice cave
 16404 | IceCv    | Found a transporter.
 16413 | IceCv    | Found a transporter.
 16417 | IceCv    | Identified the +7 chain mail of the Miller {Will+ Int+4
                  | Dex-5}
 16459 | IceCv    | Identified the +1 plate armour "Vasutuuv" {Drain rF+ rCorr
                  | Int+5}
 17171 | Lair:3   | Received a gift from Trog
 17514 | Lair:3   | Reached skill level 18 in Axes
 17830 | Lair:4   | Reached XP level 14. HP: 126/143 MP: 13/13
 18272 | Lair:5   | Entered Level 5 of the Lair of Beasts
 18392 | Lair:5   | Reached skill level 5 in Evocations
 19778 | Lair:5   | Found a staircase to the Slime Pits.
 19778 | Lair:5   | Found a viscous altar of Jiyva.
 20648 | Orc:1    | Entered Level 1 of the Orcish Mines
 20780 | Orc:1    | Found Hadgh's Weapon Emporium.
 20789 | Orc:1    | Found Geicked's Distillery.
 20802 | Orc:1    | Bought a potion of curing for 30 gold pieces
 20802 | Orc:1    | Bought a potion of curing for 30 gold pieces
 20802 | Orc:1    | Bought a potion of berserk rage for 50 gold pieces
 20806 | Orc:1    | Found Fadofri's Jewellery Shop.
 21055 | Orc:1    | Paralysed by a hornet for 2 turns
 21399 | Orc:2    | Entered Level 2 of the Orcish Mines
 21603 | Orc:2    | Found Ogaetib's Magic Scroll Boutique.
 21603 | Orc:2    | Found Xinudija's General Store.
 21653 | Orc:2    | Found a staircase to the Elven Halls.
 21771 | Orc:2    | Reached skill level 15 in Fighting
 21908 | Orc:2    | Bought a scroll of blinking for 105 gold pieces
 21908 | Orc:2    | Bought a scroll of magic mapping for 105 gold pieces
 22487 | Orc:2    | Received a gift from Trog
 22742 | Orc:2    | Reached XP level 15. HP: 155/155 MP: 14/14
 23141 | Orc:2    | Found Oczabat's Book Emporium.
 23141 | Orc:2    | Found a one-way gate leading to the halls of Pandemonium.
 23141 | Orc:2    | Found Una Eromm's Antique Armour Shoppe.
 23447 | Orc:1    | Found Vovodit's Antique Weapon Emporium.
 23829 | D:13     | Found a runed translucent gate.
 23830 | D:13     | Found a runed translucent gate.
 23856 | D:13     | Found a runed translucent gate.
 23858 | D:13     | Noticed Lysca's ghost (journeyman MfTm)
 24022 | D:13     | Found a portal to a secret trove of treasure.
 24456 | D:14     | Noticed Rupert
 24456 | D:14     | Noticed Urug
 24456 | D:14     | Found a gate to the Vaults.
 24471 | D:14     | Killed Rupert
 24483 | D:14     | Killed Urug
 24996 | D:14     | Reached skill level 15 in Shields
 25466 | D:15     | Entered Level 15 of the Dungeon
 25477 | D:15     | Received a gift from Trog
 25698 | Spider:1 | Entered Level 1 of the Spider Nest
 25714 | Spider:1 | Reached skill level 15 in Armour
 26222 | Spider:1 | Slain by a spark wasp

Illustrated notes

Levels and vault maps discovered:
D:1:      elethiomel_arrival_diamonds, layout_loops_ring,
          shapermc_ecumenical_altar_flowoftime, serial_shops, shop, shop, shop,
          shop
D:2:      layout_loops_ring, serial_shops, shop, nicolae_shop_advertising_works
          [nicolae_subvault_shop_adworks], shop, nicolae_shop_crystal,
          chequers_decorated_corner, minmay_box_of_dots
D:3:      layout_basic, mainiacjoe_overflow_paths, uniq_ijyb, uniq_grinder,
          uniq_robin
D:4:      layout_basic, minmay_fountain_box, minmay_goblin_kobold_house
D:5:      layout_basic, mainiacjoe_overflow_tiny_flanked,
          grunt_temple_overflow_diamond, minmay_temple_entry_drinking_statues
D:6:      layout_loops_ring, grunt_decor_resistance, minmay_ruined_shrine
D:7:      layout_cave_pools, xom_redecorated
D:8:      layout_rooms, lair_entry_dummy, uniq_maggie, uniq_psyche, uniq_pikel
D:9:      layout_basic, serial_shops, kennysheep_mini_moat,
          minmay_curled_crystal, uniq_erolcha
D:10:     layout_long_grid, amcnicky_altar_gilded, gammafunk_ghost_necromancy
D:11:     layout_roguey, david_orc_1_choice, minivault_16
D:12:     layout_irregular_city
D:13:     layout_stronghold, enter_trove_5, portal_ice_cave_rime,
          gammafunk_ghost_nasty_kobolds
D:14:     hellmonk_ruined_rings, layout_basic, david_vaults_3, bh_walls_and_bars
D:15:     grunt_enter_depths_hoard, layout_irregular_city,
          chequers_serial_rivers_micro_e, hellmonk_scale_shop, uniq_azrael
Lair:1:   layout_cave_pods, nicolae_lair_lil_pond, cheibrodos_lair_lostbears
Lair:2:   layout_loops_ring, shoals_dummy_entry, spider_nest_entry_web_field,
          beast_lair_carwin_7
Lair:3:   layout_regular_city, eino_house_with_fridge, grunt_megastairs_5,
          lemuel_fruit_fields, infiniplex_staircase_pool, lemuel_fruit_tree,
          uniq_nessos
Lair:4:   beast_lair_carwin_large_1, layout_loops_ring
Lair:5:   gammafunk_lair_ancient_temple, layout_regular_city,
          minmay_slime_entry_jelly_boxes, nicolae_quartered_pool_super,
          uniq_rupert
Spider:1: layout_spider_delve, nicolae_spider_rock_and_or_roll
Orc:1:    hellmonk_paralyzer, layout_diamond_mine, serial_shops, shop, shop,
          nicolae_shop_bloodbath_and_beyond, shop_statue
Orc:2:    pf_orc_diabolical, layout_diamond_mine

Skill      XL: |  1  2  3  4  5  6  7  8  9 10 11 12 13 14 15 |
---------------+----------------------------------------------+-----
Axes           | 4 5 6 7 8 9 10 11 12 14 15 16 18 | 18.0
Fighting       | 4 6 8 10 11 12 13 15 16 | 16.1
Armour         | 4 5 6 8 9 10 11 13 15 | 15.1
Dodging        | 4 5 7 9 |  9.0
Shields        | 3 5 7 9 11 13 15 | 15.3
Evocations     | 2 4 6 7 |  7.2

Action                   |  1- 3 |  4- 6 |  7- 9 | 10-12 | 13-15 || total
-------------------------+-------+-------+-------+-------+-------++-------
Melee: Hand axe          |   100 |   120 |   445 |       |       ||   665
       Headbutt          |    11 |    14 |   103 |   105 |   290 ||   523
       Punch             |     1 |     1 |     2 |       |       ||     4
       War axe           |       |       |       |   343 |    27 ||   370
       Broad axe         |       |       |       |   117 |  1153 ||  1270
       Demon whip        |       |       |       |       |     4 ||     4
Invok: Trog's Hand       |       |     4 |     7 |     4 |    13 ||    28
       Berserk           |       |     1 |     4 |       |     1 ||     6
       Brothers in Arms  |       |       |       |     1 |     4 ||     5
  Use: Scroll            |       |       |       |     8 |    18 ||    26
       Potion            |       |       |       |       |     3 ||     3
 Stab: Sleeping          |       |       |       |     1 |     1 ||     2
Armor: Animal skin       |     5 |       |       |       |       ||     5
       Ring mail         |     2 |       |       |       |       ||     2
       Chain mail        |    16 |    39 |   150 |       |       ||   205
       Swamp dragon scal |       |       |       |    94 |    23 ||   117
       Plate armour      |       |       |       |       |   195 ||   195
Dodge: Dodged            |    27 |    30 |   160 |   156 |   157 ||   530
Block: Other             |       |       |    21 |       |       ||    21
       Buckler           |       |       |    37 |   247 |    59 ||   343
       Reflection        |       |       |       |    14 |    21 ||    35
       Tower shield      |       |       |       |       |   790 ||   790
